AoeStats
← zeeta;

Arena

509555069Analyzed
1v1 RM · 4d ago on Sep 27, 2026· 32m 43s· 2 players
Game mode
Random Map
Map size
Tiny (2 player)
Population
200
Speed
Normal
Resources
Standard
Victory
Conquest
Starting age
Dark Age
Ending age
Imperial Age
RankedLock teamsTeams togetherTeam positionsShared explorationLock speedFull tech treeHidden civsTurbo modeCheats
Victory
Defeat
🇦🇷 Celts · Argentina
785
+30
🇺🇸 Huns · United States
731
-14
zeeta;
1:11 Loom
12:00 Feudal Age
13:27 Wheelbarrow
13:54 Stone Mining
14:11 Town Watch
16:50 Castle Age
15:14 Double-Bit Axe
15:19 Horse Collar
18:23 Gold Mining
18:45 Bow Saw
20:36 Heavy Plow
20:58 Fletching
25:00 Scale Mail Armor
25:55 Wheelbarrow
26:06 Arson
27:03 Chain Mail Armor
29:12 Forging
WheatenLime458
2:40 Loom
11:01 Feudal Age
17:53 Castle Age
16:36 Horse Collar
18:02 Stone Mining
18:34 Gold Mining
21:08 Bloodlines
20:58 Husbandry
22:36 Double-Bit Axe
24:05 Heavy Plow
26:41 Ballistics
26:32 Masonry
26:40 Squires
27:44 Scale Barding Armor
27:42 Pikeman
Connection lost

Rejoining the realm…

Still unreachable

The connection could not be restored.

Session expired

The server has moved on; the page needs a fresh start.